 Dungeon Crawl Stone Soup version 0.22-a0-254-gaf95ca0 (webtiles) character file.

311627 CLM the Slayer (level 21, -32/138 HPs)
             Began as a Gargoyle Fighter on Mar 4, 2018.
             Was the Champion of Ru.
             Killed from afar by a crystal guardian (illusionary) (57 damage)
             ... with a crystal bolt
             ... on level 2 of the Depths.
             The game lasted 02:14:59 (59413 turns).

CLM the Slayer (Gargoyle Fighter)                  Turns: 59413, Time: 02:15:00

Health: -32/138    AC: 35    Str: 33    XL:     21   Next: 28%
Magic:  18/18      EV: 18    Int: 12    God:    Ru [******]
Gold:   1613       SH: 19    Dex: 16    Spells: 19/20 levels left

rFire    . . .     SeeInvis .   a - +3 flail "Feaditint" {crush, rN+}
rCold    . . .     Gourm    .   U - +0 shield {reflect}
rNeg     + + .     Faith    .   K - +2 leather armour of the Kettle-Drum {Dex+7 Stlth+}
rPois    ∞         Spirit   .   k - +2 helmet
rElec    +         Reflect  +   y - +0 cloak
rCorr    .         Harm     .   I - +2 pair of gloves {Str+3}
MR       +++..                  M - +2 pair of boots
Stlth    ++++......             G - +3 amulet of reflection
HPRegen  0.33/turn              d - ring of Robustness {AC+8}
MPRegen  0.16/turn              Y - ring of the Mage {Wiz MR++ Int+3}

@: corroded, flying
A: big wings, frail 1, low mp 1, negative energy resistance 1, electricity
resistance, unbreathing, petrification resistance, rot immunity, hated by all,
inability to train armour, unskilled 1, AC +16
}: 2/15 runes: decaying, gossamer
a: Stop Flying, Draw Out Power, Power Leap, Apocalypse, Renounce Religion


You were on level 2 of the Depths.
You worshipped Ru.
Ru was exalted by your worship.
You were full.

You visited 7 branches of the dungeon, and saw 37 of its levels.

You collected 4107 gold pieces.
You spent 2494 gold pieces at shops.

Inventory:

Hand Weapons
 a - the +3 flail "Feaditint" (weapon) {crush, rN+}
   (You found it on level 5 of the Lair of Beasts)

   It inflicts extra damage upon your enemies.
   It protects you from negative energy.
 b - a +0 hand crossbow
   (You found it on level 6 of the Dungeon)
Missiles
 f - 7 throwing nets (quivered) {!f}
 C - 880 bolts
Armour
 k - a +2 helmet (worn)
   (You found it on level 6 of the Lair of Beasts)
 y - a +0 cloak (worn)
   (You found it on level 8 of the Dungeon)
 I - a +2 pair of gloves of strength (worn)
   (You bought it in a shop on level 12 of the Dungeon)
 K - the +2 leather armour of the Kettle-Drum (worn) {Dex+7 Stlth+}
   (You found it on level 8 of the Dungeon)

   It affects your dexterity (+7).
   It makes you more stealthy.
 M - a +2 pair of boots (worn)
   (You found it on level 9 of the Dungeon)
 U - a +0 shield of reflection (worn)
   (You took it off Donald on level 2 of the Swamp)
Jewellery
 d - the ring of Robustness (left hand) {AC+8}
   (You found it on level 1 of the Depths)

   [ring of protection]

   It affects your AC (+8).
 l - an uncursed ring of protection from magic
   (You found it on level 5 of the Lair of Beasts)
 z - an uncursed ring of see invisible
   (You found it on level 3 of the Spider Nest)
 E - an uncursed ring of protection from cold
   (You found it on level 12 of the Dungeon)
 G - a +3 amulet of reflection (around neck)
   (You found it on level 3 of the Spider Nest)
 N - a +3 ring of protection
   (You found it on level 1 of the Lair of Beasts)
 O - an uncursed ring of resist corrosion
   (You found it on level 1 of the Swamp)
 Y - the ring of the Mage (right hand) {Wiz MR++ Int+3}
   (You found it on level 10 of the Dungeon)

   [ring of wizardry]

   It improves your spell success rate.
   It affects your intelligence (+3).
   It affects your resistance to hostile enchantments.
Wands
 v - a wand of digging (63)
   (You took it off an orc on level 4 of the Dungeon)
 x - a wand of acid (11)
   (You found it on level 13 of the Dungeon)
 Z - a wand of clouds (1)
   (You took it off a vault sentinel on level 1 of the Vaults)
Scrolls
 i - 5 scrolls of fog
 m - 15 scrolls of teleportation {@r4}
 n - 4 scrolls of fear
 r - 12 scrolls of remove curse {@r2}
 w - 3 scrolls of enchant weapon
 B - a scroll of holy word
 D - 6 scrolls of immolation {!r}
 F - 2 scrolls of magic mapping
 L - a scroll of enchant armour
 R - 3 scrolls of amnesia
 S - 5 scrolls of identify {@r1}
 T - a scroll of brand weapon
 V - a scroll of silence
Potions
 c - a potion of invisibility
 g - a potion of magic
 h - 7 potions of brilliance
 j - 3 potions of berserk rage
 p - 11 potions of curing {@q1}
 q - 6 potions of cancellation
 s - 4 potions of agility
 u - 5 potions of might
 A - 7 potions of haste {@q3}
 H - 5 potions of ambrosia
 J - a potion of heal wounds {@q2}
 P - 4 potions of resistance
 Q - 2 potions of mutation {!q}
 X - 10 potions of lignification {!q}
Comestibles
 e - 40 rations


   Skills:
 * Level 23.5 Fighting
 + Level 15.4 Maces & Flails
 - Level 10.0 Crossbows
   Level 0.0 Armour
 - Level 8.7 Dodging
 + Level 5.7 Stealth
 + Level 16.6 Shields


You had 19 spell levels left.
You knew the following spells:

 Your Spells              Type           Power        Failure   Level  Hunger
c - Apportation           Tloc           #.....       16%         1    ##.....


Dungeon Overview and Level Annotations

Branches:
Dungeon (15/15)            Temple (0/1) D:6            Lair (6/6) D:9
  Swamp (4/4) Lair:2       Spider (4/4) Lair:2        Slime (0/5) Lair:5
    Orc (2/2) D:9             Elf (0/3) Orc:2        Vaults (4/5) D:13
  Crypt (0/3) Vaults:3     Depths (2/5) D:15

Altars:
Cheibriados
Dithmenos
Elyvilon
Gozag
Ru
Trog
Vehumet
Xom
Yredelemnul
The Shining One
Beogh
Jiyva

Shops:
D:6 (   D:12 [*}}   Orc:1 (   Orc:2 ([(*:   Vaults:1 (

Portals:
Hell: Depths:1
Pandemonium: Depths:2

Annotations:
D:10 Psyche


Innate Abilities, Weirdness & Mutations

You are resistant to torment.
Your stone body is resilient. (AC +16)
You are immune to poison.
Your large and strong wings let you fly indefinitely.
You are frail. (-10% HP)
Your magical capacity is low. (-10% MP)
You resist negative energy. (rN+)
You are resistant to electric shocks. (rElec)
You can survive without breathing.
You are immune to petrification.
You are immune to rotting.
You are hated by all.
You cannot train Armour skill.
You are somewhat unskilled. (-1 Apt)


Message History

The crystal guardian shimmers and seems to become two!
You barely miss the rakshasa. The crystal guardian hits you!
The rakshasa begins to attack, but is stunned by your will!
You hit the rakshasa but do no damage. You closely miss the rakshasa.
The rakshasa weaves an illusion.
The crystal guardian shimmers and seems to become two!
The crystal guardian closely misses you.
The crystal guardian glitters, brittle, in the dim dungeon light.
You hit the crystal guardian but do no damage.
The crystal guardian closely misses you.
You redirect the rakshasa's attack!
The rakshasa barely misses itself.
You block the crystal guardian's attack.
You redirect the crystal guardian's attack!
You hit the crystal guardian.
You block the crystal guardian's attack.
The crystal guardian closely misses you.
You bludgeon the crystal guardian!!
The rakshasa begins to attack, but is stunned by your will!
You sock the crystal guardian!
The crystal guardian fires a crystalline bolt at you.
The crystal bolt burns you! The crystal bolt misses you.
You block the crystal guardian's attack.
The rakshasa misses you.
You thump the crystal guardian! The crystal guardian hits you.
* * * LOW HITPOINT WARNING * * *
The crystal guardian hits you.
* * * LOW HITPOINT WARNING * * *
The rakshasa zaps a wand.
The bolt of acid misses you.
The rakshasa weaves an illusion.
The crystal guardian shimmers and seems to become two!
The crystal guardian fires a crystalline bolt at you.
The crystal bolt misses you.
The crystal guardian begins to attack, but is stunned by your will!
The crystal guardian begins to attack, but is stunned by your will!
The crystal guardian fires a crystalline bolt at you.
The crystal bolt freezes the crystal guardian.
The crystal guardian completely resists.
The crystal bolt freezes you!
* * * LOW HITPOINT WARNING * * *
You redirect the crystal guardian's attack!
There is a stone staircase leading up, spattered with blood here.
You see here a storm dragon skeleton.
The crystal guardian hits you!!
* * * LOW HITPOINT WARNING * * *
The crystal guardian fires a crystalline bolt at you.
The crystal bolt burns you!
You die...

##### #.[.#
#.∩.# . #...#
..
#####8..##'##
#...........#
#)@8R.....#
#..88.......#
#####...#####
#...# ....#
.#...# ###.##
###


You could see a rakshasa and 4 crystal guardians.

Vanquished Creatures
  Frederick (Vaults:3)
  Jory (Vaults:2)
  A lich (Depths:1)
  An iron giant (shapeshifter) (Depths:1)
  A deep elf blademaster (Depths:1)
  Gastronok (D:12)
  Frances (Swamp:2)
  2 tengu reavers
  Kirke (D:12)
  Donald (Swamp:2)
  5 thorn hunters
  2 storm dragons
  3 fire giants
  3 ghost moths
  3 vault wardens
  An iron dragon (Depths:1)
  A deep elf sorcerer (Vaults:3)
  2 orc warlords
  12 emperor scorpions
  5 ironheart preservers
  A war gargoyle (Vaults:2)
  7 entropy weavers
  6 very ugly things
  5 stone giants
  A vampire knight (Vaults:3)
  2 deep elf annihilators
  2 spark wasps
  3 ettins
  A deep elf death mage (Vaults:3)
  A fire dragon (shapeshifter) (Depths:2)
  3 great orbs of eyes
  9 ogre magi
  11 yaktaur captains
  4 ice dragons
  6 fire dragons
  2 jiangshi (Depths:1)
  3 vault guards (D:13)
  A rakshasa (Vaults:1)
  20 hydras
  4 catoblepae
  Harold (D:11)
  3 ghost crabs
  11 centaur warriors
  An anaconda (shapeshifter) (Vaults:2)
  A death knight (Vaults:3)
  A juggernaut simulacrum (Depths:2)
  29 two-headed ogres
  2 deep troll shamans
  6 alligators
  3 deep troll earth magi
  3 death yaks (Lair:6)
  3 tengu warriors
  5 orc high priests
  Urug (D:12)
  Nergalle (D:10)
  A vampire mage (Depths:1)
  7 deep elf knights
  10 iron trolls (Depths:1)
  6 skeletal warriors
  An unseen horror (Vaults:1)
  8 deep trolls
  An unseen horror (shapeshifter) (Vaults:4)
  4 flayed ghosts
  3 necromancers
  5 shambling mangroves
  3 harpies (Vaults:2)
  15 ironbrand convokers
  20 orc knights
  3 wizards
  9 swamp dragons
  A harpy (shapeshifter) (Vaults:3)
  5 deep elf archers
  12 deep elf magi
  An orb spider (shapeshifter) (Vaults:3)
  14 orb spiders
  4 cyclopes
  5 orc sorcerers
  20 wolf spiders
  A stone giant zombie (Vaults:4)
  33 ugly things
  4 manticores
  2 moths of wrath
  5 oklob plants
  A frost giant skeleton (Vaults:4)
  Maurice (D:13)
  4 black mambas
  12 elephants
  A torpor snail (Spider:2)
  A torpor snail (shapeshifter) (Vaults:1)
  A gargoyle (D:13)
  5 vault sentinels
  An ice statue (Lair:4)
  17 spiny frogs
  5 spectral swamp worms (Depths:1)
  A yaktaur zombie (Vaults:4)
  8 komodo dragons
  A rime drake (Lair:5)
  An efreet (D:14)
  6 freezing wraiths
  15 yaktaurs
  4 tengu conjurers
  12 demonic crawlers
  4 trolls
  3 meliai
  5 tyrant leeches
  19 jumping spiders
  3 polar bears
  23 hornets
  A jumping spider (shapeshifter) (Depths:1)
  9 blink frogs
  6 bog bodies
  18 slime creatures
  7 hippogriffs
  11 dream sheep (Lair:4)
  A human simulacrum (Vaults:1)
  3 vampires
  38 redbacks
  6 spriggans
  2 wyverns
  5 shadows
  8 wraiths
  41 yaks
  19 tarantellas
  7 humans
  3 hungry ghosts
  3 golden eyes (shapeshifter)
  11 vampire mosquitoes
  7 basilisks
  A hog (shapeshifter) (Vaults:4)
  13 insubstantial wisps
  7 wargs
  A yaktaur simulacrum (Vaults:3)
  19 swamp worms
  15 water moccasins
  3 acid dragons
  Duvessa (D:4)
  6 porcupines
  18 swamp drakes
  5 black bears
  55 orc warriors
  A human zombie (Vaults:4)
  2 sky beasts
  7 ice beasts
  A black bear (shapeshifter) (Vaults:1)
  5 boggarts (Vaults:2)
  6 wolves
  21 ogres
  2 necrophages
  5 phantoms
  11 crocodiles
  29 centaurs
  2 big kobolds
  Blork the orc (Orc:2)
  11 bullfrogs
  A gnoll sergeant (D:7)
  A glowing shapeshifter simulacrum (Vaults:4)
  2 wyvern skeletons
  Dowan (D:4)
  4 scorpions
  15 wights
  6 killer bees
  6 electric eels
  4 bullfrog zombies
  A howler monkey (D:6)
  4 centaur zombies
  11 crimson imps
  2 jellies
  4 centaur skeletons
  A quasit (D:10)
  21 orc priests
  10 hounds
  3 bullfrog skeletons
  7 iguanas
  Terence (D:2)
  10 worker ants
  22 orc wizards
  A hound zombie (D:5)
  4 gnolls (D:7)
  A howler monkey skeleton (D:10)
  7 adders
  5 shadow imps
  A white imp (Lair:4)
  5 oozes
  2 adder skeletons
  5 worms
  2 dart slugs
  4 leopard geckos
  85 orcs
  A ball python (D:1)
  4 giant cockroaches
  2 goblins
  3 hobgoblins
  5 jackals
  5 quokkas
  4 bats
  6 frilled lizards
  A jackal skeleton (D:4)
  A jackal zombie (D:7)
  12 kobolds
  2 leopard gecko skeletons (D:5)
  5 rats
  11 briar patches
  4 fungi (Lair:5)
  5 plants (Lair:5)
1352 creatures vanquished.

Vanquished Creatures (collateral kills)
  A scorpion (D:9)
1 creature vanquished.

Vanquished Creatures (others)
  A deep elf sorcerer (Vaults:2)
  An ironheart preserver (Vaults:2)
  A stone giant (Vaults:3)
  A deep elf demonologist (Vaults:2)
  A spark wasp (Spider:3)
  An ettin (Depths:1)
  A hydra (Swamp:3)
  A vault guard (D:13)
  A two-headed ogre (D:10)
  A spriggan druid (Swamp:4)
  A deep elf archer (Vaults:3)
  An ironbrand convoker (Vaults:1)
  An orc knight (D:15)
  An orb spider (Spider:1)
  A deep elf mage (Vaults:4)
  2 wolf spiders
  A slime creature (Vaults:3)
  2 cyclopes
  A human skeleton (Vaults:4)
  2 yaktaurs
  A rime drake (Lair:4)
  A meliai (shapeshifter) (Vaults:1)
  2 redbacks (Spider:4)
  A tarantella (Spider:3)
  A vampire mosquito (Swamp:1)
  2 swamp worms
  2 ogres
  3 centaurs
  A howler monkey (D:10)
  3 orc priests (Orc:2)
  An orc wizard (D:14)
  3 orcs
  4 briar patches
  32 fungi
  12 plants
92 creatures vanquished.

Grand Total: 1445 creatures vanquished

Notes
Turn   | Place    | Note
-------+----------+-------------------------------------------
     0 | D:1      | CLM the Gargoyle Fighter began the quest for the Orb.
     0 | D:1      | Reached XP level 1. HP: 14/14 MP: 1/1
   665 | D:2      | Reached XP level 2. HP: 11/19 MP: 2/2
   909 | D:2      | Reached XP level 3. HP: 22/23 MP: 3/3
  1265 | D:2      | Noticed Terence
  1285 | D:2      | Killed Terence
  1285 | D:2      | Reached XP level 4. HP: 22/29 MP: 4/4
  1302 | D:2      | Found a basalt altar of Yredelemnul.
  1487 | D:1      | Reached skill level 4 in Fighting
  1487 | D:1      | Reached XP level 5. HP: 26/33 MP: 5/5
  1650 | D:2      | Reached XP level 6. HP: 37/39 MP: 6/6
  2350 | D:3      | Found a faded altar of an unknown god.
  2441 | D:4      | Found a white marble altar of Elyvilon.
  2604 | D:4      | Noticed a phantom
  2845 | D:4      | Noticed Duvessa
  2845 | D:4      | Noticed Dowan
  2984 | D:3      | Killed a phantom
  2984 | D:3      | Reached skill level 5 in Fighting
  2984 | D:3      | Reached skill level 5 in Armour
  2984 | D:3      | Reached skill level 5 in Shields
  2984 | D:3      | Reached XP level 7. HP: 24/44 MP: 7/7
  3150 | D:4      | Killed Dowan
  3235 | D:4      | Got a brightly glowing long sword {slice}
  3236 | D:4      | Identified the +8 long sword "Gusyrawiamy" {slice, rC+ MR+ Dex+2} (You took it off an orc on level 4 of the Dungeon)
  3304 | D:4      | Killed Duvessa
  3480 | D:5      | Entered Level 5 of the Dungeon
  3598 | D:5      | Reached XP level 8. HP: 44/51 MP: 8/8
  3730 | D:5      | Reached skill level 6 in Fighting
  3892 | D:6      | Found a bloodstained altar of Trog.
  3895 | D:6      | Found an opulent altar of Gozag.
  3898 | D:6      | Found a sacrificial altar of Ru.
  3902 | D:6      | Became a worshipper of Ru the Awakened
  3921 | D:6      | Found a shadowy altar of Dithmenos.
  3965 | D:6      | Found a staircase to the Ecumenical Temple.
  3981 | D:6      | Reached skill level 5 in Maces & Flails
  4875 | D:6      | Found a glowing golden altar of the Shining One.
  4905 | D:6      | Found Juro's Weapon Emporium.
  4966 | D:6      | Learned a level 1 spell: Apportation
  5015 | D:6      | Reached XP level 9. HP: 40/56 MP: 9/9
  5120 | D:7      | Reached skill level 7 in Fighting
  5345 | D:7      | Gained mutation: You cannot train Armour skill. [Ru sacrifice]
  5345 | D:7      | Reached * piety under Ru
  5720 | D:8      | Reached skill level 1 in Dodging
  6010 | D:8      | Reached skill level 8 in Fighting
  6077 | D:8      | Got a scorched leather armour
  6089 | D:8      | Identified the +2 leather armour of the Kettle-Drum {Dex+7 Stlth+} (You found it on level 8 of the Dungeon)
  6465 | D:8      | Reached XP level 10. HP: 64/64 MP: 10/10
  6774 | D:9      | Noticed a centaur warrior
  7069 | D:9      | Killed a centaur warrior
  7391 | D:9      | Found a staircase to the Orcish Mines.
  7432 | D:9      | Found a staircase to the Lair.
  7508 | D:9      | Reached skill level 9 in Fighting
  7672 | Lair:1   | Entered Level 1 of the Lair of Beasts
  7693 | D:10     | Entered Level 10 of the Dungeon
  7693 | D:10     | Noticed a two-headed ogre
  7804 | D:10     | Noticed Psyche
  7855 | D:10     | Gained mutation: You are somewhat unskilled. (-1 Apt) [Ru sacrifice]
  7855 | D:10     | Reduced skill Fighting to level 8
  7855 | D:10     | Reached ** piety under Ru
  7855 | D:10     | Reached *** piety under Ru
  7933 | D:10     | Noticed Nergalle
  8215 | Lair:1   | Noticed a spiny frog
  8232 | Lair:1   | Killed a spiny frog
  8255 | Lair:1   | Noticed a black mamba
  8441 | Lair:1   | Killed a black mamba
  8441 | Lair:1   | Reached XP level 11. HP: 59/69 MP: 11/11
  8663 | Lair:1   | Reached skill level 9 in Fighting
  9504 | Lair:2   | Found a hole to the Spider Nest.
  9603 | Lair:2   | Got a citrine-encrusted plate armour
  9614 | Lair:2   | Identified the +3 plate armour of Epsuck {*Slow +Blink +Inv rN++} (You found it on level 2 of the Lair of Beasts)
  9747 | Lair:2   | Found a snail-covered altar of Cheibriados.
  9865 | Lair:2   | Noticed a seven-headed hydra
  9878 | Lair:2   | Killed a seven-headed hydra
 10859 | Lair:2   | Found a staircase to the Swamp.
 10874 | Lair:2   | Gained mutation: Your magical capacity is low. (-10% MP) [Ru sacrifice]
 10886 | Lair:2   | Reached skill level 5 in Dodging
 12193 | Lair:3   | Reached skill level 10 in Fighting
 12223 | Lair:3   | Reached skill level 10 in Shields
 12269 | Lair:3   | Reached XP level 12. HP: 69/77 MP: 10/10
 12638 | Lair:3   | Noticed a seven-headed hydra
 13058 | Lair:3   | Killed a seven-headed hydra
 13573 | Lair:4   | Noticed a four-headed hydra
 13583 | Lair:4   | Killed a four-headed hydra
 14023 | Lair:4   | Noticed a five-headed hydra
 14707 | Lair:4   | Reached skill level 11 in Fighting
 14981 | Lair:4   | Noticed an ice dragon
 15258 | Lair:4   | Reached skill level 10 in Maces & Flails
 15633 | Lair:4   | Reached XP level 13. HP: 50/84 MP: 11/11
 16028 | Lair:5   | Found a staircase to the Slime Pits.
 16138 | Lair:5   | Found a viscous altar of Jiyva.
 16228 | Lair:5   | Got a fine flail
 16234 | Lair:5   | Identified the +3 flail "Feaditint" {crush, rN+} (You found it on level 5 of the Lair of Beasts)
 16750 | Lair:5   | Gained mutation: You are hated by all. [Ru sacrifice]
 16750 | Lair:5   | Reached **** piety under Ru
 16750 | Lair:5   | Reached ***** piety under Ru
 17246 | Lair:6   | Entered Level 6 of the Lair of Beasts
 18584 | Lair:6   | Reached skill level 12 in Fighting
 18694 | Lair:6   | Found a shimmering altar of Xom.
 19582 | Lair:6   | Gained mutation: Your large and strong wings let you fly indefinitely. [Gargoyle growth]
 19582 | Lair:6   | Reached XP level 14. HP: 63/92 MP: 12/12
 20247 | Lair:6   | Identified the Handbook of the Blaze and Transmigration
 21085 | D:10     | Killed Nergalle
 21285 | D:10     | Found the ring of the Mage {Wiz MR++ Int+3}
 21521 | D:10     | Gained mutation: You are frail. (-10% HP) [Ru sacrifice]
 21521 | D:10     | Reached ****** piety under Ru
 22551 | D:11     | Noticed Harold
 22573 | D:11     | Killed Harold
 22922 | D:12     | Found Xaceam's General Store.
 23010 | D:12     | Found Uwyhu's Armour Shop.
 23158 | D:12     | Found Qoipp's Gadget Boutique.
 23160 | D:12     | Noticed Kirke
 23231 | D:12     | Killed Kirke
 23520 | D:12     | Noticed Gastronok
 23541 | D:12     | Killed Gastronok
 23571 | D:12     | You fall through a shaft for 3 floors!
 23571 | D:15     | Entered Level 15 of the Dungeon
 23584 | D:13     | Noticed Maurice
 23668 | D:12     | Noticed Urug
 23683 | D:12     | Killed Urug
 23721 | D:12     | Reached skill level 13 in Fighting
 23902 | D:12     | Found Naxt's Gadget Shop.
 24195 | D:10     | Got a faintly glowing long sword
 24196 | D:10     | Identified the cursed +2 long sword "Abuqoeci" {venom, *Drain rN+++ MR+ Dex+3} (You found it on level 10 of the Dungeon)
 24267 | Orc:1    | Entered Level 1 of the Orcish Mines
 24286 | Orc:1    | Noticed a stone giant
 24297 | Orc:1    | Killed a stone giant
 24474 | Orc:1    | Found a roughly hewn altar of Beogh.
 24737 | Orc:2    | Entered Level 2 of the Orcish Mines
 24784 | Orc:2    | Found Hecyn's Antique Weapon Shop.
 24795 | Orc:2    | Noticed an orc warlord
 25094 | Orc:1    | Reached XP level 15. HP: 48/89 MP: 11/13
 25205 | Orc:1    | Killed an orc warlord
 25701 | Orc:2    | Found a roughly hewn altar of Beogh.
 25908 | Orc:2    | Found a staircase to the Elven Halls.
 26011 | Orc:2    | Noticed Blork the orc
 26017 | Orc:2    | Found Buewk's General Store.
 26024 | Orc:2    | Killed Blork the orc
 26103 | Orc:2    | Found Voyv's Antique Armour Boutique.
 26276 | Orc:2    | Found Xaidgh's Antique Weapon Boutique.
 26291 | Orc:2    | Found Zonaeca's Book Boutique.
 26737 | Orc:1    | Found Loseir's Weapon Shop.
 26843 | Orc:2    | Bought a manual of Fighting for 1766 gold pieces
 26863 | Orc:2    | Bought a glowing shortbow for 234 gold pieces
 27644 | D:13     | Reached skill level 14 in Fighting
 27788 | D:13     | Killed Maurice
 27991 | D:13     | Found a gate to the Vaults.
 28175 | D:14     | Reached skill level 1 in Crossbows
 28300 | D:14     | Found a sacrificial altar of Ru.
 29090 | D:15     | Reached skill level 15 in Fighting
 29138 | D:15     | Reached XP level 16. HP: 72/97 MP: 10/14
 29503 | D:12     | Bought a +1 pair of gloves of strength for 231 gold pieces
 29640 | Spider:1 | Entered Level 1 of the Spider Nest
 31218 | Orc:2    | Bought a crystal flail for 263 gold pieces
 31218 | Orc:2    | Identified the +3 flail "Qosituopy" {freeze, *Rage rN+ Dex+3 SInv} (You bought it in a shop on level 2 of the Orcish Mines)
 31612 | Spider:2 | Reached skill level 5 in Crossbows
 32093 | Spider:3 | Reached skill level 16 in Fighting
 32227 | Spider:3 | Reached skill level 15 in Shields
 32828 | Spider:4 | Entered Level 4 of the Spider Nest
 33669 | Spider:3 | Reached XP level 17. HP: 70/104 MP: 10/15
 33817 | Spider:3 | Reached skill level 17 in Fighting
 35154 | Spider:4 | Got a gossamer rune of Zot
 35441 | Swamp:1  | Entered Level 1 of the Swamp
 35459 | Swamp:1  | Reached skill level 18 in Fighting
 37059 | Swamp:2  | Noticed Donald
 37335 | Swamp:2  | Killed Donald
 37477 | Swamp:2  | Noticed Frances
 37495 | Swamp:2  | Killed Frances
 39343 | Swamp:3  | Reached skill level 10 in Crossbows
 39806 | Swamp:4  | Entered Level 4 of the Swamp
 39826 | Swamp:4  | Reached XP level 18. HP: 95/114 MP: 16/16
 40128 | Swamp:4  | Reached skill level 19 in Fighting
 41874 | Swamp:4  | Got a decaying rune of Zot
 42155 | Vaults:1 | Entered Level 1 of the Vaults
 42360 | D:15     | Found a staircase to the Depths.
 42479 | D:15     | Reached skill level 20 in Fighting
 44992 | Vaults:1 | Reached skill level 21 in Fighting
 45135 | Vaults:1 | Identified the cursed +0 plate armour of the Tortoise {rPois rC+ rN+ Dex-5} (You found it on level 1 of the Vaults)
 45265 | Vaults:1 | Found Zolodaoj's Weapon Emporium.
 45472 | Vaults:2 | HP: 4/118 [ice dragon/blast of cold (56)]
 45880 | Vaults:2 | Reached XP level 19. HP: 102/123 MP: 17/17
 46966 | Vaults:2 | Noticed Jory
 47858 | Vaults:2 | Killed Jory
 49784 | Vaults:3 | Reached skill level 22 in Fighting
 50157 | Vaults:3 | Found a staircase to the Crypt.
 51234 | Vaults:3 | Noticed Frederick
 51249 | Vaults:3 | Killed Frederick
 51989 | Vaults:3 | Reached XP level 20. HP: 73/132 MP: 18/18
 53559 | Vaults:4 | Found a radiant altar of Vehumet.
 53675 | Vaults:3 | Reached skill level 1 in Stealth
 54487 | Vaults:4 | Reached skill level 15 in Maces & Flails
 54505 | Vaults:4 | Reached skill level 23 in Fighting
 55616 | Depths:1 | Entered Level 1 of the Depths
 56143 | Depths:1 | Found a gateway to Hell.
 56256 | Depths:1 | Noticed a caustic shrike
 56257 | Depths:1 | a caustic shrike changed into a frost giant
 56287 | Depths:1 | Noticed an iron giant
 56287 | Depths:1 | a shadow dragon changed into an iron giant
 56303 | Depths:1 | Killed an iron giant
 56962 | Depths:1 | Reached XP level 21. HP: 65/137 MP: 18/18
 57373 | Depths:1 | Reached skill level 5 in Stealth
 58048 | Depths:1 | Found the ring of Robustness {AC+8}
 58304 | Depths:2 | Found a one-way gate leading to the halls of Pandemonium.
 59413 | Depths:2 | Killed from afar by a crystal guardian (illusionary)

Vault maps used:
D:1:      ncdulo_halloftheorcs, minmay_misc_feat_rows
D:2:      yredelemnul_altar_generic, uniq_terence
D:3:      chequers_ecumenical_altar_twisty
D:4:      minmay_door_path, kennysheep_mini, uniq_duvessa
D:5:      first_ration
D:6:      tso_oasis_becter, grunt_temple_overflow_diamond,
          minmay_temple_entry_glassed_door, serial_shops, shop, minivault_4,
          nicolae_dithmenos_the_darkroom
D:8:      cheibrodos_elevator_heist
D:9:      lair_entry_dummy, orc_0_dummy, grunt_pizzeria, minmay_bent
D:10:     minmay_the_grid_4x2, uniq_psyche, uniq_nergalle
D:11:     minmay_klotski, uniq_harold
D:12:     serial_shops, kennysheep_mini_moat, shop, shop, nicolae_shop_crystal,
          glass_columns_b, uniq_gastronok, uniq_kirke, uniq_urug
D:13:     grunt_vaults_entry_fortified, uniq_maurice
D:14:     nicolae_ru_awakened_eye, nicolae_wwwww
D:15:     grunt_enter_depths_giant_problem, solitary_fountain
Lair:2:   nicolae_swamp_entry_splash_gauntlet, nicolae_spider_entry_non_spiders,
          nicolae_volcano_entry_hallway, basic_altar
Lair:3:   lemuel_fruit_tree
Lair:4:   ice2_lemuel
Lair:5:   slime_altar_1, kennysheep_basilisk_garden, minmay_lair_oklob_chamber
Lair:6:   evilmike_catoblepas_cave, lemuel_oklob_altar
Swamp:1:  evilmike_swamp_ruin_house_4
Swamp:2:  hangedman_swamp_cone, swamp_pool4, lightli_tree_ring, uniq_donald,
          uniq_frances
Swamp:3:  cheibrodos_swamp_heart_of_darkness, hangedman_swamp_lotus, swamp_pool1
Swamp:4:  swamp, nicolae_swamp_feature_on_the_river_bank
Spider:2: spider_trap
Spider:4: grunt_spider_rune_circles
Orc:1:    serial_shops, nicolae_shop_behind_doors, bh_open_orc_temple
Orc:2:    grunt_orc_cross, serial_shops, nicolae_shop_crystal
Vaults:1: nicolae_vaults_yaktaur_gun_rack, nicolae_vaults_network_quincunx,
          v_misc_13, v_rooms_6, nicolae_vaults_little_squares_4, v_pattern_4,
          nicolae_vaults_quartermaster, vaults_room_boxed, grunt_vaults_focal,
          vaults_room_door_ring, dpeg_vaults_monster_box, serial_shops,
          nicolae_shop_waterfront
Vaults:2: v_alt_pattern_1, vaults_dpeg_hooks, vaults_room_stairs_pillars,
          st_more_cells, nicolae_vaults_sealed_display, uniq_jory
Vaults:3: v_rooms_6, minmay_crypt_entry_simple_plaza, vaults_mumra_bighexcomb,
          hangedman_vaults_unwind, v_misc_4, vaults_room_pool,
          ontoclasm_vaults_chip, nicolae_vaults_big_ls, v_misc_10,
          nicolae_vaults_big_angled_halls, v_misc_23,
          hangedman_vaults_corner_blocks, v_misc_14, ontoclasm_vaults_pinch,
          uniq_frederick
Vaults:4: hangedman_vaults_stretched_pinwheel, nicolae_vaults_little_squares_3,
          special_room_vaults, v_misc_15, nicolae_vaults_little_squares_6,
          ontoclasm_vaults_ring_square, v_misc_18, grunt_vaults_twisty,
          ontoclasm_vaults_decontamination, basic_altar
Depths:1: pf_hell_entry_tar_river, serial_sigils_hangedman_shear, spider_trap,
          minmay_guarded_unrand_robustness
Depths:2: hangedman_crystal_crosses_colossus, pan_entry, hell_entry

Skill      XL: |  1  2  3  4  5  6  7  8  9 10 11 12 13 14 15 16 17 18 19 20 21 |
---------------+----------------------------------------------------------------+-----
Armour         | 4 5 6 0 |  0.0
Shields        | 4 5 6 8 8 10 11 12 13 14 15 16 | 16.6
Fighting       | 4 5 6 8 8 10 11 12 13 15 16 18 21 22 23 | 23.5
Maces & Flails | 3 4 5 7 8 10 11 12 13 14 15 | 15.4
Dodging        | 2 4 5 6 8 |  8.7
Crossbows      | 3 6 10 | 10.0
Stealth        | 4 5 |  5.7

Action                   |  1- 3 |  4- 6 |  7- 9 | 10-12 | 13-15 | 16-18 | 19-21 || total
-------------------------+-------+-------+-------+-------+-------+-------+-------++-------
Melee: Flail             |    82 |   179 |    30 |       |  1531 |  2114 |  1597 ||  5533
       Long sword        |       |       |   149 |       |       |       |       ||   149
       Morningstar       |       |       |   261 |   800 |    58 |       |       ||  1119
 Fire: Hand crossbow     |       |       |    10 |   120 |   210 |   201 |    83 ||   624
Throw: Javelin           |    15 |    18 |    16 |    14 |     3 |       |       ||    66
Invok: Sacrifice Durabil |       |       |     1 |       |       |       |       ||     1
       Sacrifice Skill   |       |       |       |     1 |       |       |       ||     1
       Sacrifice Essence |       |       |       |     1 |       |       |       ||     1
       Apocalypse        |       |       |       |       |     2 |     4 |     6 ||    12
       Sacrifice Love    |       |       |       |       |     1 |       |       ||     1
       Power Leap        |       |       |       |       |     8 |    25 |    17 ||    50
       Sacrifice Health  |       |       |       |       |     1 |       |       ||     1
       Draw Out Power    |       |       |       |       |       |       |     2 ||     2
 Abil: Fly               |       |       |       |       |     1 |     1 |       ||     2
       Stop Flying       |       |       |       |       |     1 |       |       ||     1
Evoke: Wand              |       |       |       |    27 |     4 |       |    12 ||    43
  Use: Scroll            |     4 |     8 |     3 |     9 |    11 |    17 |     9 ||    61
       Potion            |       |       |       |     5 |     1 |     3 |     3 ||    12
 Stab: Sleeping          |       |       |     2 |     3 |     4 |     8 |     4 ||    21
       Distracted        |       |       |       |     8 |     8 |    16 |     5 ||    37
       Invisible         |       |       |       |     1 |     2 |     8 |     9 ||    20
       Paralysed         |       |       |       |       |    18 |    24 |    20 ||    62
  Eat: Chunk             |     1 |     6 |    12 |    13 |    32 |    16 |    27 ||   107
       Ration            |       |       |       |     5 |     4 |    11 |     7 ||    27
Armor: Scale mail        |    49 |   119 |   237 |       |       |       |       ||   405
       Leather armour    |       |       |     9 |   427 |   418 |   847 |   255 ||  1956
       Fire dragon scale |       |       |       |       |       |       |   213 ||   213
Dodge: Dodged            |    29 |    65 |   136 |   474 |   637 |  1071 |   486 ||  2898
Block: Shield            |    43 |   108 |   289 |   641 |   970 |  1769 |   977 ||  4797
       Reflection        |       |       |       |       |       |    25 |    35 ||    60
       Rpst.: Long sword |       |       |    15 |       |       |       |       ||    15

Table legend:
 A = Spawn XP
 B = Non-spawn XP
 C = Spawn XP percentage of total XP
 D = Spawn monster count
 E = Non-spawn monster count
 F = Spawn count percentage of total count
 G = Total turns spent on level
                    A         B        C        D         E        F      G
               +---------+---------+-------+---------+---------+-------+---------
         Total |       0 |  521568 |   0.0 |       0 |    1356 |   0.0 | 59413
               +---------+---------+-------+---------+---------+-------+---------
           D:1 |       0 |     130 |   0.0 |       0 |       9 |   0.0 |   738
           D:2 |       0 |     290 |   0.0 |       0 |      26 |   0.0 |  1155
           D:3 |       0 |     154 |   0.0 |       0 |      13 |   0.0 |   937
           D:4 |       0 |     329 |   0.0 |       0 |      15 |   0.0 |   650
           D:5 |       0 |     621 |   0.0 |       0 |      18 |   0.0 |   759
           D:6 |       0 |     836 |   0.0 |       0 |      22 |   0.0 |   858
           D:7 |       0 |     789 |   0.0 |       0 |      24 |   0.0 |   602
           D:8 |       0 |    1514 |   0.0 |       0 |      31 |   0.0 |   820
           D:9 |       0 |    3224 |   0.0 |       0 |      26 |   0.0 |  1785
          D:10 |       0 |    7587 |   0.0 |       0 |      49 |   0.0 |  1182
          D:11 |       0 |    1865 |   0.0 |       0 |      12 |   0.0 |  1042
          D:12 |       0 |   11297 |   0.0 |       0 |      23 |   0.0 |  1641
          D:13 |       0 |   12076 |   0.0 |       0 |      36 |   0.0 |  1273
          D:14 |       0 |   10069 |   0.0 |       0 |      35 |   0.0 |  1307
          D:15 |       0 |   25031 |   0.0 |       0 |      57 |   0.0 |  1422
        Lair:1 |       0 |    3538 |   0.0 |       0 |      14 |   0.0 |  1271
        Lair:2 |       0 |    6771 |   0.0 |       0 |      34 |   0.0 |  3511
        Lair:3 |       0 |    5178 |   0.0 |       0 |      18 |   0.0 |  1300
        Lair:4 |       0 |    9792 |   0.0 |       0 |      40 |   0.0 |  2178
        Lair:5 |       0 |    9935 |   0.0 |       0 |      30 |   0.0 |  2253
        Lair:6 |       0 |   18439 |   0.0 |       0 |      52 |   0.0 |  3106
       Swamp:1 |       0 |   13471 |   0.0 |       0 |      46 |   0.0 |  1264
       Swamp:2 |       0 |    8812 |   0.0 |       0 |      16 |   0.0 |  1073
       Swamp:3 |       0 |   21803 |   0.0 |       0 |      44 |   0.0 |  2154
       Swamp:4 |       0 |   20196 |   0.0 |       0 |      42 |   0.0 |  1342
      Spider:1 |       0 |   11695 |   0.0 |       0 |      27 |   0.0 |  1461
      Spider:2 |       0 |   14105 |   0.0 |       0 |      34 |   0.0 |   842
      Spider:3 |       0 |   23970 |   0.0 |       0 |      46 |   0.0 |  1795
      Spider:4 |       0 |   21621 |   0.0 |       0 |      38 |   0.0 |  1494
         Orc:1 |       0 |   13774 |   0.0 |       0 |      80 |   0.0 |  1718
         Orc:2 |       0 |    3263 |   0.0 |       0 |      27 |   0.0 |   976
      Vaults:1 |       0 |   33258 |   0.0 |       0 |      83 |   0.0 |  2667
      Vaults:2 |       0 |   36544 |   0.0 |       0 |      50 |   0.0 |  3157
      Vaults:3 |       0 |   55660 |   0.0 |       0 |      79 |   0.0 |  3941
      Vaults:4 |       0 |   58919 |   0.0 |       0 |      98 |   0.0 |  2361
      Depths:1 |       0 |   51058 |   0.0 |       0 |      59 |   0.0 |  3302
      Depths:2 |       0 |    3954 |   0.0 |       0 |       3 |   0.0 |    76
               +---------+---------+-------+---------+---------+-------+---------
